 Dungeon Crawl Stone Soup version 0.15-a0-2102-gacb6860 (webtiles) character file.

17836 KaKa the Covert (level 12, -6/80 HPs)
             Began as a Halfling Assassin on July 14, 2014.
             Was a Priest of Dithmenos.
             Mangled by a minotaur
             ... wielding a +4 lightning rod (11/11)
              (9 damage)
             ... in a labyrinth on July 15, 2014.
             The game lasted 02:06:42 (17942 turns).

KaKa the Covert (Halfling Assassin)                Turns: 17942, Time: 02:06:46

HP  -6/80        AC  9     Str 11      XL: 12   Next: 87%
MP  12/12        EV 26     Int 12      God: Dithmenos [***...]
Gold 132         SH  8     Dex 24      Spells:  2 memorised,  7 levels left

rFire  . . .     SeeInvis .     a - +1 short sword (freeze)
rCold  + . .     Clarity  .     Z - +0 troll leather armour
rNeg   . . .     rCorr    .     q - +0 buckler
rPois  .         rRot     .     B - +0 hat
rElec  .         Spirit   .     E - +1 cloak
SustAb .         Warding  .     r - +0 pair of gloves
rMut   .         Stasis   .     u - +1 pair of boots
Gourm  +                        p - amulet of the gourmand
MR     .....                    N - +5 ring of dexterity
                                T - ring of protection from cold

@: very slightly contaminated, wreathed by umbra, drained, invisible, not
resistant to hostile enchantments, extremely stealthy
A: mutation resistance 1, no device heal 1
a: Shadow Step, Renounce Religion


You were in a labyrinth.
You worshipped Dithmenos.
Dithmenos was most pleased with you.
You were full.

You visited 3 branches of the dungeon, and saw 17 of its levels.
You also visited: Labyrinth.

You collected 695 gold pieces.
You spent 563 gold pieces at shops.

Inventory:

Hand weapons
 a - a +1 short sword of freezing (weapon)
 b - a +2 short sword of venom
 k - a +2 dagger
 D - a +2 hand crossbow of flaming
 I - a +0 blowgun
 V - a +2 dagger of speed
Missiles
 e - 30 poisoned needles
 t - a poisoned tomahawk (quivered)
 J - 14 bolts
Armour
 q - a +0 buckler (worn)
 r - a +0 pair of gloves (worn)
 u - a +1 pair of boots (worn)
 B - a +0 hat (worn)
 E - a +1 cloak (worn)
 Z - a +0 troll leather armour (worn)
Magical devices
 f - a wand of draining (8)
 v - a wand of cold (6)
 y - a wand of heal wounds (0)
 G - a wand of magic darts (10)
 L - a wand of digging (4)
 Q - a wand of disintegration (0)
 W - a wand of cold (5)
Comestibles
 g - 5 bread rations
 n - 7 beef jerkies
 A - 5 meat rations
 C - 4 slices of pizza
 K - 12 fruits
Scrolls
 c - a scroll of enchant armour
 h - 2 scrolls of remove curse
 i - 6 scrolls of teleportation
 l - 7 scrolls of identify
 H - a scroll of blinking
 M - 2 scrolls of amnesia
 O - a scroll of summoning
Jewellery
 p - an amulet of the gourmand (around neck)
 x - a +2 ring of dexterity
 N - a +5 ring of dexterity (right hand)
 P - an uncursed ring of magical power
 R - an uncursed ring of see invisible
 T - a ring of protection from cold (left hand)
 Y - an uncursed ring of protection from magic
Potions
 o - 2 potions of haste
 w - 2 potions of curing
 z - 2 potions of restore abilities
 U - a potion of brilliance
Books
 F - a book of Party Tricks

   Spells                             Type                      Level
   Summon Butterflies                 Summoning                    1
   *Apportation                       Translocation                1
   Blink                              Translocation                2
   Tukima's Dance                     Hexes                        3
   Alistair's Intoxication            Transmutation/Poison         4
 S - a book of the Warp

   Spells                             Type                      Level
   Control Teleport                   Charms/Translocation         4
   Phase Shift                        Translocation                5
   Warp Weapon                        Charms/Translocation         5
   Dispersal                          Translocation                6
   Controlled Blink                   Translocation                7
   Disjunction                        Translocation                8
 X - a book of Hinderance

   Spells                             Type                      Level
   Confusing Touch                    Hexes                        2
   *Confuse                           Hexes                        3
   Petrify                            Transmutation/Earth          4
   Leda's Liquefaction                Hexes/Earth                  4
   Metabolic Englaciation             Hexes/Ice                    5
   Summon Mana Viper                  Hexes/Summoning              5


   Skills:
 - Level 6.9(6.7) Fighting
 - Level 10.0(9.7) Short Blades
 - Level 2.6(2.5) Throwing
 + Level 11.5(11.3) Dodging
 + Level 13.5(13.2) Stealth
 - Level 7.1(6.9) Shields
 + Level 0.0 Hexes


You had 7 spell levels left.
You knew the following spells:

 Your Spells              Type           Power        Failure   Level  Hunger
a - Confuse               Hex            #.......     88%         3    ####...
b - Apportation           Tloc           #.........   34%         1    ##.....


Dungeon Overview and Level Annotations

Branches:
Dungeon (13/15)            Temple (1/1) D:7             Orc (0/4) D:12
   Lair (3/8) D:10          Swamp (0/5) Lair:3
 Shoals: Lair:3-6     Snake: Lair:3-6    Spider: Lair:3-6    Vaults: D:13-14

Altars:
Ashenzari
Cheibriados
Dithmenos
Elyvilon
Fedhas
Gozag
Kikubaaqudgha
Makhleb
Nemelex Xobeh
Okawaru
Qazlal
Sif Muna
Trog
Vehumet
Xom
Yredelemnul
Zin
The Shining One

Shops:
D:6 *   D:7 ?   D:10 %   D:11 *   D:13 [

Annotations:
D:3 Grinder
D:5 lennard's ghost, experienced DrCj


Innate Abilities, Weirdness & Mutations

You are small and have problems with some larger weapons.
You are somewhat resistant to further mutation.
Potions and wands are less effective at restoring your health.


Message History

You are very lightly contaminated with residual magic.
You open the door.
A minotaur comes into view. It is wielding a thin runed rod.
Found a ring of protection from cold.
Found an escape hatch in the ceiling.
There is an open door here.
The minotaur hits you with a thin runed rod!!
The minotaur completely misses you.
You hit the minotaur. You freeze the minotaur.
The minotaur is lightly wounded.
The minotaur hits you with a thin runed rod!
You block the minotaur's attack.
You hit the minotaur but do no damage.
The minotaur is lightly wounded.
You strike the helpless minotaur from behind!
You impale the minotaur!! You freeze the minotaur.
The minotaur is heavily wounded.
The minotaur hits you with a thin runed rod!!
* * * LOW HITPOINT WARNING * * *
The minotaur gores you!
You die...

.. .#. ## #.#.#.
# . # #.# . .#
#.#.# .# #####.#.
#####.# #........
.#...# ###.##..
.....###.####
#..######........
## #<.H@'.### #
#. ######...#
#........#.#
......#.#...
#####.#.# ### ..
## ###


You could see a minotaur.

Vanquished Creatures
  A hydra (Lair:1)
  A death yak (Lair:2)
  Pikel (D:4)
  2 hill giants (D:10)
  A cyclops (D:11)
  2 centaur zombies
  2 gargoyles (D:12)
  3 spiny frogs
  A komodo dragon (Lair:1)
  A troll (D:12)
  Prince Ribbit (D:4)
  5 blink frogs (Lair:2)
  A trapdoor spider (D:11)
  A wraith (D:12)
  5 hippogriffs
  7 ugly things (D:11)
  Eustachio (D:8)
  17 yaks
  Edmund (D:4)
  A water moccasin (Lair:1)
  Menkaure (D:7)
  A steam dragon (D:7)
  A human zombie (D:12)
  2 orc warriors
  2 slaves (D:4)
  A necrophage (D:5)
  A yellow wasp (D:12)
  2 black bears
  3 sky beasts
  5 centaurs
  A phantom (D:6)
  5 ice beasts
  Duvessa (D:4)
  9 ogres
  5 giant frogs
  A big kobold (D:11)
  A cyclops zombie (D:8)
  Blork the orc (D:4)
  3 crocodiles
  A killer bee (D:12)
  3 scorpions
  A hippogriff zombie (D:12)
  2 quasits
  14 wights
  3 electric eels
  Dowan (D:4)
  6 hounds
  5 crimson imps
  A goliath beetle (D:6)
  15 jellies
  A giant frog skeleton (D:11)
  5 orc wizards
  4 orc priests
  5 worker ants
  4 iguanas
  3 sheep (D:11)
  A crocodile zombie (D:10)
  2 hound zombies (D:8)
  A hound skeleton (D:4)
  A mummy (D:7)
  3 gnolls (D:4)
  9 green rats (Lair:2)
  17 adders
  A shadow imp (D:12)
  3 worms
  A giant mite (D:6)
  7 giant geckos
  36 orcs
  2 ball pythons
  13 bats
  2 giant cockroaches
  11 goblins
  17 hobgoblins
  10 jackals
  9 quokkas
  5 giant newts
  A goblin skeleton (D:4)
  A hobgoblin skeleton (D:8)
  21 kobolds
  A kobold zombie (D:5)
  13 rats
  A rat zombie (D:6)
  3 ballistomycetes (D:9)
367 creatures vanquished.

Vanquished Creatures (others)
  A kobold (D:4)
  A giant spore (D:9)
  A rat (D:4)
  4 toadstools (D:1)
7 creatures vanquished.

Grand Total: 374 creatures vanquished

Notes
Turn   | Place    | Note
--------------------------------------------------------------
     0 | D:1      | KaKa, the Halfling Assassin, began the quest for the Orb.
     0 | D:1      | Reached XP level 1. HP: 14/14 MP: 1/1
   262 | D:1      | Reached XP level 2. HP: 17/19 MP: 2/2
   772 | D:2      | Reached XP level 3. HP: 24/24 MP: 3/3
  1087 | D:2      | Reached XP level 4. HP: 21/29 MP: 4/4
  1205 | D:2      | Found a sparkling altar of Nemelex Xobeh.
  1911 | D:3      | Reached skill level 5 in Short Blades
  2020 | D:3      | Reached skill level 5 in Stealth
  2020 | D:3      | Reached XP level 5. HP: 34/34 MP: 5/5
  2077 | D:3      | Reached skill level 1 in Shields
  2273 | D:3      | Noticed Grinder
  2553 | D:4      | Noticed Edmund
  2562 | D:4      | Reached XP level 6. HP: 39/39 MP: 6/6
  2599 | D:4      | Killed Edmund
  2599 | D:4      | Reached skill level 6 in Stealth
  2635 | D:4      | Noticed Duvessa
  2637 | D:4      | Killed Duvessa
  2637 | D:4      | Reached skill level 7 in Stealth
  2637 | D:4      | Reached XP level 7. HP: 44/44 MP: 7/7
  2639 | D:4      | Noticed Dowan
  2651 | D:4      | Killed Dowan
  2659 | D:4      | Noticed an ogre
  2669 | D:4      | Killed an ogre
  2901 | D:4      | Noticed Blork the orc
  2920 | D:4      | Killed Blork the orc
  2920 | D:4      | Reached skill level 8 in Stealth
  2954 | D:4      | Noticed a slave
  2963 | D:4      | Noticed a slave
  2989 | D:4      | Killed a slave
  2997 | D:4      | Noticed a slave
  3042 | D:4      | Killed a slave
  3129 | D:4      | Noticed Pikel
  3129 | D:4      | Noticed a slave
  3153 | D:4      | Killed Pikel
  3153 | D:4      | Reached XP level 8. HP: 45/49 MP: 8/8
  3608 | D:4      | Noticed Prince Ribbit
  3779 | D:3      | Paralysed by Grinder for 2 turns
  3782 | D:3      | Paralysed by Grinder for 5 turns
  4246 | D:4      | Gained mutation: Your natural rate of healing is unusually fast. [potion of mutation]
  4246 | D:4      | Gained mutation: You can breathe flames. [potion of mutation]
  4274 | D:4      | Killed Prince Ribbit
  4274 | D:4      | Reached skill level 5 in Dodging
  4274 | D:4      | Reached skill level 5 in Shields
  4360 | D:5      | Entered Level 5 of the Dungeon
  4381 | D:5      | Noticed lennard's ghost (experienced DrCj)
  4574 | D:5      | Reached XP level 9. HP: 46/54 MP: 9/9
  5038 | D:5      | Learned a level 1 spell: Apportation
  5628 | D:6      | Found a blossoming altar of Fedhas.
  5633 | D:6      | Found a glowing golden altar of the Shining One.
  5636 | D:6      | Found a stormy altar of Qazlal.
  5638 | D:6      | Found a white marble altar of Elyvilon.
  5640 | D:6      | Found a shimmering altar of Xom.
  5972 | D:6      | Found Usuniram's Assorted Antiques.
  6417 | D:7      | Noticed Menkaure
  6422 | D:7      | Killed Menkaure
  6494 | D:7      | Found a staircase to the Ecumenical Temple.
  6521 | Temple   | Entered the Ecumenical Temple
  6632 | Temple   | Became a worshipper of Dithmenos the Shadowed
  6829 | D:7      | Reached XP level 10. HP: 33/60 MP: 10/10
  6911 | D:7      | Found Qutsoyso's Magic Scroll Shoppe.
  7047 | D:7      | Reached skill level 9 in Stealth
  8561 | D:8      | Noticed Eustachio
  8566 | D:8      | Killed Eustachio
  8692 | D:8      | Reached skill level 10 in Stealth
  8967 | D:9      | Acquired Dithmenos' first power
  9528 | D:10     | Entered Level 10 of the Dungeon
  9785 | D:10     | Found a staircase to the Lair.
  9805 | D:10     | Reached skill level 10 in Dodging
  9805 | D:10     | Reached XP level 11. HP: 27/64 MP: 11/11
  9949 | D:10     | Noticed a hill giant
  9954 | D:10     | Noticed a hill giant
  9955 | D:10     | Killed a hill giant
  9955 | D:10     | Reached skill level 11 in Stealth
 10135 | D:10     | Killed a hill giant
 10479 | D:6      | Bought a blue potion for 25 gold pieces
 10479 | D:6      | Bought a green potion for 25 gold pieces
 10479 | D:6      | Bought a blackened bone wand for 112 gold pieces
 10479 | D:6      | Bought a smoky yellow potion for 25 gold pieces
 10479 | D:6      | Bought a scroll labeled DYOLIS QOSKEKHOR for 28 gold pieces
 10482 | D:6      | Lost mutation: You can breathe flames. [potion of cure mutation]
 10482 | D:6      | Lost mutation: Your natural rate of healing is unusually fast. [potion of cure mutation]
 11004 | D:10     | Found Meka's Food Emporium.
 11116 | Lair:1   | Entered Level 1 of the Lair of Beasts
 11165 | Lair:1   | Reached skill level 12 in Stealth
 11242 | Lair:1   | Noticed a five-headed hydra
 11968 | Lair:1   | Killed a six-headed hydra
 12199 | Lair:2   | Reached skill level 5 in Fighting
 12841 | Lair:3   | Found a staircase to the Swamp.
 12879 | Lair:3   | Noticed a death yak
 13102 | Lair:3   | Noticed a death yak
 13134 | Lair:3   | Noticed a death yak
 13147 | Lair:3   | Noticed a death yak
 13148 | Lair:3   | Noticed a death yak
 13224 | Lair:2   | Killed a death yak
 13885 | D:11     | Reached XP level 12. HP: 58/80 MP: 7/12
 14756 | D:11     | Found Yrrimua's Assorted Antiques.
 14772 | D:11     | Bought an encrusted bone ring for 145 gold pieces
 14834 | D:11     | Gained mutation: You have a fast metabolism. [mutagenic meat]
 15077 | D:11     | Gained mutation: Potions and wands are less effective at restoring your health. [mutagenic meat]
 15078 | D:11     | Lost mutation: You have a fast metabolism. [mutagenic meat]
 15241 | D:11     | Acquired Dithmenos' second power
 15516 | D:11     | Noticed a cyclops
 15554 | D:11     | Killed a cyclops
 15753 | D:12     | Reached skill level 13 in Stealth
 15787 | D:12     | Found a staircase to the Orcish Mines.
 16054 | D:12     | Reached skill level 10 in Short Blades
 17197 | D:13     | Found a labyrinth entrance.
 17199 | D:13     | Found Ruzouwie's Antique Armour Emporium.
 17264 | D:13     | Bought a slimy leather armour for 203 gold pieces
 17273 | D:13     | Identified the cursed +1 leather armour of Pride {+Blink} (You bought it in a shop on level 13 of the Dungeon)
 17291 | Lab      | Entered a labyrinth
 17348 | Lab      | Learned a level 3 spell: Confuse
 17937 | Lab      | Noticed a minotaur
 17942 | Lab      | HP: 3/80 [minotaur/thin runed rod (30)]
 17942 | Lab      | Mangled by a minotaur

Action                   |  1- 3 |  4- 6 |  7- 9 | 10-12 || total
-------------------------+-------+-------+-------+-------++-------
Melee: Dagger            |    70 |   116 |    81 |   145 ||   412
       Short sword       |       |       |   275 |  1348 ||  1623
       Unarmed           |       |       |     2 |       ||     2
 Fire: Blowgun           |    11 |    21 |    27 |    28 ||    87
       Hand crossbow     |       |       |    38 |       ||    38
Throw: Tomahawk          |       |       |     2 |    12 ||    14
 Cast: Apportation       |       |       |       |     2 ||     2
Invok: Shadow Step       |       |       |       |     5 ||     5
 Abil: Breathe Fire      |       |       |     1 |       ||     1
Evoke: Wand              |       |       |     1 |    31 ||    32
  Use: Scroll            |       |       |    15 |    14 ||    29
       Potion            |       |       |     1 |    12 ||    13
 Stab: Sleeping          |     6 |     8 |    22 |    47 ||    83
       Distracted        |       |     3 |     1 |     8 ||    12
       Invisible         |       |       |       |     1 ||     1
  Eat: Chunk             |       |    12 |    12 |    46 ||    70
